Capitals vs Kings

Created - January 12, 2019 at 22:39

Goals
1 2 3 T
Capitals 2 0 1 3
Kings 0 2 0 2
Shots
1 2 3 T
Capitals 14 5 11 30
Kings 12 12 8 32

1st period

1. Capitals , T.J. Oshie 4 (Mikko Koivu 17, Christian Ehrhoff 9) at 6:51
2. Capitals , Wayne Simmonds 14 (Ryan Getzlaf 17) at 18:56 (PP)

Penalties :
Wayne Simmonds (Was) for Holding (Minor) at 14:29, Paul Martin (LAK) for Holding (Minor) at 18:05

2nd period

3. Kings , Patrick Kane 30 (Erik Karlsson 16) at 14:36
4. Kings , Patrick Kane 31 (Travis Hamonic 15, Johnny Gaudreau 14) at 14:54

Penalties :
Brent Burns (Was) for Interference (Minor) at 0:36, Martin St. Louis (LAK) for Hooking (Minor) at 3:09, Wayne Simmonds (Was) for High sticking (Minor) at 5:11, Christian Ehrhoff (Was) for Holding (Minor) at 10:05, Paul Martin (LAK) for Interference (Minor) at 16:20, Matt Carle (Was) for Tripping (Minor) at 19:19

3rd period

5. Capitals , Joe Thornton 22 (Christian Ehrhoff 10) at 0:14 (SH)

Penalties :
Mike Cammalleri (Was) for Interference (Minor) at 2:17, David Krejci (Was) for Slashing (Minor) at 2:32, Max Pacioretty (LAK) for Roughing (Minor) at 9:24, Wayne Simmonds (Was) for Boarding (Minor) at 10:07, Ryan Getzlaf (Was) for Holding (Minor) at 14:28

Goalie Stats

Tuukka Rask (Was), 30 saves from 32 shots - (0.938), W, 20-10-1, 60:00 minutes
Brian Elliott (LAK), 27 saves from 30 shots - (0.900), L, 14-13-3, 59:00 minutes

Players Stats for Capitals

Player Name              G  A  P  +/- PIM S  H  SB GA TA FO     MP     PP MP  PK MP  
------------------------------------------------------------------------------------
Blake Wheeler            0  0  0  -2  0   1  1  0  1  0  1/1    14:31   2:56   0:00 
Brent Burns              0  0  0   1  2   2  1  2  1  2  0/0    28:49   2:52   7:46 
Christian Ehrhoff        0  2  2   1  2   3  2  2  0  0  0/0    29:00   2:52   7:41 
Dan Girardi              0  0  0   0  0   0  0  1  0  0  0/0     9:25   0:00   0:48 
David Krejci             0  0  0   0  2   1  0  0  2  0  1/5     8:49   0:00   2:44 
Jamie Benn               0  0  0  -2  0   2  2  0  0  1  0/0    11:22   0:00   0:00 
Joe Thornton             1  0  1  -1  0   2  1  0  0  0  21/40  24:39   2:56   8:01 
Mark Stone               0  0  0   0  0   0  0  0  0  0  0/0     6:04   0:00   0:00 
Matt Carle               0  0  0  -1  2   0  0  0  1  0  0/0    20:16   2:40   4:59 
Mike Cammalleri          0  0  0   0  2   3  1  0  0  0  0/0    18:17   2:36   4:25 
Mikko Koivu              0  1  1   1  0   0  0  1  0  0  2/6     9:16   0:00   0:42 
Morgan Rielly            0  0  0   0  0   0  0  0  0  0  0/0    12:10   0:00   2:41 
Ondrej Palat             0  0  0   0  0   0  1  0  0  0  0/0     7:15   0:00   1:11 
Ryan Getzlaf             0  1  1   0  2   2  2  0  0  2  6/11   17:39   2:36   3:46 
Scott Hartnell           0  0  0   2  0   5  1  0  0  1  0/2    20:58   2:56   7:08 
T.J. Oshie               1  0  1   1  0   2  0  0  0  1  0/0     8:34   0:00   0:00 
Victor Hedman            0  0  0  -1  0   1  2  2  1  1  0/0    21:22   2:40   5:47 
Wayne Simmonds           1  0  1   0  6   6  1  0  1  1  0/0    13:34   2:35   0:00 

Players Stats for Kings

Player Name              G  A  P  +/- PIM S  H  SB GA TA FO     MP     PP MP  PK MP  
------------------------------------------------------------------------------------
Anze Kopitar             0  0  0   1  0   5  0  0  0  1  18/34  21:57   8:03   1:30 
Chris Tierney            0  0  0   0  0   0  0  0  0  0  3/3     7:02   0:11   0:00 
Daniel Cleary            0  0  0   0  0   0  0  1  0  0  0/0     6:31   0:00   0:00 
Derek Boogaard           0  0  0  -1  0   2  3  0  0  0  0/1     9:18   0:04   0:00 
Erik Karlsson            0  1  1  -1  0   3  2  2  0  1  0/0    25:31   8:32   0:42 
Greg Campbell            0  0  0  -1  0   0  0  0  0  0  2/4     9:23   0:00   0:15 
Johnny Gaudreau          0  1  1   1  0   4  0  0  0  0  0/1    20:01   7:48   0:15 
Martin St. Louis         0  0  0  -1  2   0  1  0  0  0  0/0     9:07   0:00   0:00 
Max Pacioretty           0  0  0   0  2   1  1  2  1  0  0/0    17:00   6:59   0:00 
Oscar Klefbom            0  0  0   1  0   0  0  1  0  0  0/0    20:06   6:19   0:00 
Patrick Kane             2  0  2   1  0   6  1  0  2  1  0/0    22:22   7:52   1:30 
Paul Martin              0  0  0   0  4   0  1  0  2  0  0/0    11:16   0:00   1:26 
Ramzi Abid               0  0  0   0  0   3  0  1  0  1  0/0    10:54   0:00   3:47 
Shea Weber               0  0  0  -1  0   2  1  2  1  0  0/0    27:40   8:32   3:24 
Staffan Kronwall         0  0  0   0  0   0  0  0  0  0  0/0    12:14   0:00   2:08 
Travis Hamonic           0  1  1   1  0   1  0  3  1  2  0/0    23:47   6:19   3:24 
Tyler Johnson            0  0  0   0  0   3  1  1  2  0  11/22  22:09   6:48   3:47 
Viktor Arvidsson         0  0  0   0  0   2  0  0  0  1  0/0    16:50   6:48   0:00 

3 Stars

1 - Patrick Kane (LAK)
2 - T.J. Oshie (Was)
3 - Tuukka Rask (Was)

Power Play

Capitals - 1 on 4 Attempt(s) - 25.00%
Kings - 0 on 9 Attempt(s) - 0.00%

Penalty Kill

Capitals - 9 on 9 Attempt(s) - 100.00% - Score 1 goal in Penalty Kill
Kings - 3 on 4 Attempt(s) - 75.00% - Score 0 goal in Penalty Kill

Team Stat

Capitals - Hits : 15 - Faceoff Wins : 31 - Blocked Shots : 8 - Penalty Minutes : 18
Kings - Hits : 11 - Faceoff Wins : 34 - Blocked Shots : 13 - Penalty Minutes : 8

Official

Referees : Unknown
Linesman : Unknown

Game Notes

No Game Note

Finance

Level 1 -- Attendance: 5625 (93.75%) -- Ticket Income $506,250
Level 2 -- Attendance: 3604 (72.08%) -- Ticket Income $234,260
Level 3 -- Attendance: 1424 (71.20%) -- Ticket Income $56,960
Level 4 -- Attendance: 3060 (76.50%) -- Ticket Income $91,800
Luxury Box -- Attendance: 1000 (100.00%) -- Ticket Income $145,000
Game was played at the Staples Center.
Total Attendance: 14713 (81.74%)
Total Ticket Income: $1,034,270
Other Income: $155,140
Total Income: $1,189,410

Capitals

5 vs 5 Forward 
   Center                   Left Wing                Right Wing               Time % Phy DF OF 
 1 Joe Thornton             Jamie Benn               Blake Wheeler            40     1   2  2  
 2 Ryan Getzlaf             Mike Cammalleri          Wayne Simmonds           30     1   2  2  
 3 Mikko Koivu              Scott Hartnell           T.J. Oshie               20     1   2  2  
 4 David Krejci             Ondrej Palat             Mark Stone               10     1   2  2  

5 vs 5 Defense 
   Defense                  Defense                                           Time % Phy DF OF 
 1 Brent Burns              Christian Ehrhoff                                 40     1   2  2  
 2 Victor Hedman            Matt Carle                                        30     1   2  2  
 3 Dan Girardi              Morgan Rielly                                     20     1   2  2  
 4 Brent Burns              Christian Ehrhoff                                 10     1   2  2  

PowerPlay Forward 
   Center                   Left Wing                Right Wing               Time % Phy DF OF 
 1 Joe Thornton             Scott Hartnell           Blake Wheeler            60     1   2  2  
 2 Ryan Getzlaf             Mike Cammalleri          Wayne Simmonds           40     1   2  2  

PowerPlay Defense
   Defense                  Defense                                           Time % Phy DF OF 
 1 Brent Burns              Christian Ehrhoff                                 60     1   2  2  
 2 Victor Hedman            Matt Carle                                        40     1   2  2  

Penalty Kill 4 Players Forward 
   Center                   Wing                     Time % Phy DF OF 
 1 Joe Thornton             Scott Hartnell           60     1   2  2  
 2 Mike Cammalleri          Ryan Getzlaf             40     1   2  2  

Penalty Kill 4 Players Defense
   Defense                  Defense                  Time % Phy DF OF 
 1 Brent Burns              Christian Ehrhoff        60     1   2  2  
 2 Victor Hedman            Matt Carle               40     1   2  2  

Penalty Kill - 3 Players Forward 
   Forward                                           Time % Phy DF OF 
 1 Joe Thornton                                      60     1   2  2  
 2 Scott Hartnell                                    40     1   2  2  

Penalty Kill - 3 Players Defense
   Defense                  Defense                  Time % Phy DF OF 
 1 Brent Burns              Christian Ehrhoff        60     1   2  2  
 2 Victor Hedman            Matt Carle               40     1   2  2  

4 vs 4 Forward 
   Center                   Wing                     Time % Phy DF OF 
 1 Joe Thornton             Scott Hartnell           60     1   2  2  
 2 Mike Cammalleri          Ryan Getzlaf             40     1   2  2  

4 vs 4 Defense
   Defense                  Defense                  Time % Phy DF OF 
 1 Brent Burns              Christian Ehrhoff        60     1   2  2  
 2 Victor Hedman            Matt Carle               40     1   2  2  

Last Minutes Offensive
   Center                   Left Wing                Right Wing               Defense                  Defense                  
   Joe Thornton             Scott Hartnell           Blake Wheeler            Brent Burns              Christian Ehrhoff        

Last Minutes Defensive
   Center                   Left Wing                Right Wing               Defense                  Defense                  
   Joe Thornton             Scott Hartnell           Blake Wheeler            Brent Burns              Christian Ehrhoff        

Goaltenders
Starting : Tuukka Rask              
Backup : Ilya Bryzgalov           

Extra Forwards
Normal : Mikko Koivu, Jamie Benn, David Krejci - PP : Mikko Koivu, Jamie Benn - PK : David Krejci
Extra Defensemen
Normal : Dan Girardi, Morgan Rielly, Victor Hedman - PP : Dan Girardi - PK : Morgan Rielly, Victor Hedman
Penalty Shots
Joe Thornton, Scott Hartnell, Mike Cammalleri, Ryan Getzlaf, Blake Wheeler

Scratches
Eric Fehr (Healthy), Patrick Marleau (Healthy), Sergei Bobrovsky (Healthy)

Kings

5 vs 5 Forward 
   Center                   Left Wing                Right Wing               Time % Phy DF OF 
 1 Anze Kopitar             Johnny Gaudreau          Patrick Kane             40     0   2  3  
 2 Tyler Johnson            Max Pacioretty           Viktor Arvidsson         35     0   2  3  
 3 Greg Campbell            Derek Boogaard           Martin St. Louis         15     1   2  2  
 4 Chris Tierney            Ramzi Abid               Daniel Cleary            10     1   3  1  

5 vs 5 Defense 
   Defense                  Defense                                           Time % Phy DF OF 
 1 Shea Weber               Erik Karlsson                                     40     0   4  1  
 2 Oscar Klefbom            Travis Hamonic                                    40     1   3  1  
 3 Paul Martin              Staffan Kronwall                                  20     0   4  1  
 4 Travis Hamonic           Shea Weber                                        0      1   2  2  

PowerPlay Forward 
   Center                   Left Wing                Right Wing               Time % Phy DF OF 
 1 Anze Kopitar             Johnny Gaudreau          Patrick Kane             60     0   1  4  
 2 Tyler Johnson            Max Pacioretty           Viktor Arvidsson         40     0   1  4  

PowerPlay Defense
   Defense                  Defense                                           Time % Phy DF OF 
 1 Shea Weber               Erik Karlsson                                     60     0   2  3  
 2 Oscar Klefbom            Travis Hamonic                                    40     0   2  3  

Penalty Kill 4 Players Forward 
   Center                   Wing                     Time % Phy DF OF 
 1 Tyler Johnson            Ramzi Abid               60     1   3  1  
 2 Anze Kopitar             Patrick Kane             40     1   3  1  

Penalty Kill 4 Players Defense
   Defense                  Defense                  Time % Phy DF OF 
 1 Travis Hamonic           Shea Weber               60     1   4  0  
 2 Staffan Kronwall         Paul Martin              40     1   4  0  

Penalty Kill - 3 Players Forward 
   Forward                                           Time % Phy DF OF 
 1 Anze Kopitar                                      60     1   4  0  
 2 Tyler Johnson                                     40     1   4  0  

Penalty Kill - 3 Players Defense
   Defense                  Defense                  Time % Phy DF OF 
 1 Shea Weber               Travis Hamonic           60     0   5  0  
 2 Paul Martin              Staffan Kronwall         40     0   5  0  

4 vs 4 Forward 
   Center                   Wing                     Time % Phy DF OF 
 1 Tyler Johnson            Patrick Kane             60     1   2  2  
 2 Anze Kopitar             Max Pacioretty           40     1   2  2  

4 vs 4 Defense
   Defense                  Defense                  Time % Phy DF OF 
 1 Shea Weber               Erik Karlsson            60     1   2  2  
 2 Travis Hamonic           Staffan Kronwall         40     1   2  2  

Last Minutes Offensive
   Center                   Left Wing                Right Wing               Defense                  Defense                  
   Anze Kopitar             Johnny Gaudreau          Patrick Kane             Shea Weber               Erik Karlsson            

Last Minutes Defensive
   Center                   Left Wing                Right Wing               Defense                  Defense                  
   Anze Kopitar             Ramzi Abid               Patrick Kane             Shea Weber               Travis Hamonic           

Goaltenders
Starting : Brian Elliott            
Backup : Pascal Leclaire          

Extra Forwards
Normal : Anze Kopitar, Tyler Johnson, Chris Tierney - PP : Derek Boogaard, Chris Tierney - PK : Greg Campbell
Extra Defensemen
Normal : Travis Hamonic, Shea Weber, Staffan Kronwall - PP : Staffan Kronwall - PK : Erik Karlsson, Oscar Klefbom
Penalty Shots
Anze Kopitar, Patrick Kane, Viktor Arvidsson, Max Pacioretty, Shea Weber

Scratches
Pierre-Marc Bouchard (Healthy)

% Time on Ice - Capitals

Lines # - Real PCT - Wanted PCT - Time Play
Normal Forward
1 - 33% - 40% - 12:43
2 - 29% - 30% - 11:00
3 - 22% - 20% - 8:34
4 - 16% - 10% - 6:04
Normal Defense
1 - 44% - 40% - 16:50
2 - 33% - 30% - 12:32
3 - 20% - 20% - 7:49
4 - 3% - 10% - 1:10
PP Forward
1 - 53% - 60% - 2:56
2 - 47% - 40% - 2:36
PP Defense
1 - 52% - 60% - 2:52
2 - 48% - 40% - 2:40
PK Forward
1 - 65% - 60% - 8:33
2 - 35% - 40% - 4:34
PK Defense
1 - 64% - 60% - 8:24
2 - 36% - 40% - 4:43
PK3 Forward
1 - 93% - 60% - 1:37
2 - 7% - 40% - 0:07
PK3 Defense
1 - 63% - 60% - 1:05
2 - 38% - 40% - 0:39
44 Forward
1 - 78% - 60% - 0:59
2 - 22% - 40% - 0:17
44 Defense
1 - 71% - 60% - 0:54
2 - 29% - 40% - 0:22
Last Minute Offensive  - 0:00
Last Minute Defensive  - 0:00
Total
Forward - 60:00
Defense - 60:00

% Time on Ice - Kings

Lines # - Real PCT - Wanted PCT - Time Play
Normal Forward
1 - 33% - 40% - 12:40
2 - 26% - 35% - 10:02
3 - 24% - 15% - 9:08
4 - 17% - 10% - 6:31
Normal Defense
1 - 38% - 40% - 14:42
2 - 38% - 40% - 14:23
3 - 24% - 20% - 9:16
4 - 0% - 0% - 0:00
PP Forward
1 - 53% - 60% - 7:52
2 - 47% - 40% - 6:59
PP Defense
1 - 57% - 60% - 8:32
2 - 43% - 40% - 6:19
PK Forward
1 - 73% - 60% - 4:02
2 - 27% - 40% - 1:30
PK Defense
1 - 61% - 60% - 3:24
2 - 39% - 40% - 2:08
PK3 Forward
1 - 0% - 60%
2 - 0% - 40%
PK3 Defense
1 - 0% - 60%
2 - 0% - 40%
44 Forward
1 - 74% - 60% - 0:56
2 - 26% - 40% - 0:20
44 Defense
1 - 82% - 60% - 1:02
2 - 18% - 40% - 0:14
Last Minute Offensive  - 0:00
Last Minute Defensive  - 0:00
Total
Forward - 60:00
Defense - 60:00

Play-by-Play

1st period


0:01 of 1st period - Anze Kopitar wins face-off versus Joe Thornton in neutral zone.
0:09 of 1st period - Snap shot by Anze Kopitar.
0:09 of 1st period - Stopped by Tuukka Rask with a rebound.
0:16 of 1st period - Off-side.
0:17 of 1st period - Ryan Getzlaf wins face-off versus Tyler Johnson in neutral zone.
0:26 of 1st period - Snap shot by Wayne Simmonds.
0:26 of 1st period - Shot Blocked by Travis Hamonic.
0:28 of 1st period - Snap shot by Ryan Getzlaf.
0:28 of 1st period - Shot Misses the Net.
0:44 of 1st period - Victor Hedman is hit by Martin St. Louis.
0:47 of 1st period - Off-side.
0:48 of 1st period - David Krejci wins face-off versus Greg Campbell in neutral zone.
1:00 of 1st period - Snap shot by David Krejci.
1:00 of 1st period - Stopped by Brian Elliott with a rebound.
1:02 of 1st period - Snap shot by Mark Stone.
1:02 of 1st period - Shot Misses the Net.
3:29 of 1st period - Snap shot by Wayne Simmonds.
3:29 of 1st period - Shot Blocked by Erik Karlsson.
3:40 of 1st period - Icing by Shea Weber.
3:41 of 1st period - Chris Tierney wins face-off versus David Krejci in Kings zone.
4:10 of 1st period - Wrist shot by Anze Kopitar.
4:10 of 1st period - Shot Misses the Net.
4:12 of 1st period - Slapshot by Max Pacioretty.
4:12 of 1st period - Shot Blocked by Dan Girardi.
4:14 of 1st period - Slapshot by Shea Weber.
4:14 of 1st period - Stopped by Tuukka Rask with a rebound.
5:12 of 1st period - Snap shot by Anze Kopitar.
5:12 of 1st period - Deflect By Matt Carle.
5:12 of 1st period - Stopped by Tuukka Rask without a rebound.
5:13 of 1st period - Anze Kopitar wins face-off versus David Krejci in Capitals zone.
5:18 of 1st period - Slapshot by Anze Kopitar.
5:18 of 1st period - Shot Misses the Net.
5:20 of 1st period - Wrist shot by Patrick Kane.
5:20 of 1st period - Stopped by Tuukka Rask without a rebound.
5:21 of 1st period - Joe Thornton wins face-off versus Tyler Johnson in Capitals zone.
5:28 of 1st period - Staffan Kronwall is hit by Blake Wheeler and loses puck.
5:37 of 1st period - Wrist shot by Jamie Benn.
5:37 of 1st period - Shot Misses the Net.
5:55 of 1st period - Backhand shot by Anze Kopitar.
5:55 of 1st period - Stopped by Tuukka Rask without a rebound.
5:56 of 1st period - Anze Kopitar wins face-off versus Joe Thornton in Capitals zone.
6:51 of 1st period - Wrist shot by T.J. Oshie.
6:51 of 1st period - Goal by T.J. Oshie - Capitals : 1 - Kings : 0.
6:52 of 1st period - Anze Kopitar wins face-off versus Joe Thornton in neutral zone.
7:03 of 1st period - Anze Kopitar is hit by Jamie Benn and loses puck.
7:20 of 1st period - Travis Hamonic is hit by Christian Ehrhoff and loses puck.
7:25 of 1st period - Wrist shot by Wayne Simmonds.
7:25 of 1st period - Shot Misses the Net.
7:27 of 1st period - Wrist shot by Ryan Getzlaf.
7:27 of 1st period - Shot Blocked by Travis Hamonic.
7:29 of 1st period - Slapshot by Brent Burns.
7:29 of 1st period - Shot Blocked by Max Pacioretty.
7:31 of 1st period - Wrist shot by Christian Ehrhoff.
7:31 of 1st period - Stopped by Brian Elliott without a rebound.
7:32 of 1st period - Anze Kopitar wins face-off versus Mikko Koivu in Kings zone.
7:58 of 1st period - Tyler Johnson is hit by Victor Hedman and loses puck.
8:27 of 1st period - Snap shot by Ryan Getzlaf.
8:27 of 1st period - Shot Blocked by Daniel Cleary.
8:29 of 1st period - Slapshot by Victor Hedman.
8:29 of 1st period - Stopped by Brian Elliott without a rebound.
8:30 of 1st period - Anze Kopitar wins face-off versus Ryan Getzlaf in Kings zone.
8:42 of 1st period - Slapshot by Wayne Simmonds.
8:42 of 1st period - Stopped by Brian Elliott with a rebound.
9:43 of 1st period - Daniel Cleary is hit by Brent Burns and loses puck.
10:04 of 1st period - Wrist shot by Wayne Simmonds.
10:04 of 1st period - Stopped by Brian Elliott with a rebound.
10:08 of 1st period - Snap shot by Wayne Simmonds.
10:08 of 1st period - Stopped by Brian Elliott with a rebound.
10:10 of 1st period - Slapshot by Christian Ehrhoff.
10:10 of 1st period - Stopped by Brian Elliott without a rebound.
10:11 of 1st period - Joe Thornton wins face-off versus Tyler Johnson in Kings zone.
10:25 of 1st period - Icing by Erik Karlsson.
10:26 of 1st period - Mikko Koivu wins face-off versus Tyler Johnson in Kings zone.
10:33 of 1st period - Snap shot by Scott Hartnell.
10:33 of 1st period - Deflect By T.J. Oshie.
10:33 of 1st period - Stopped by Brian Elliott with a rebound.
11:02 of 1st period - Slapshot by Tyler Johnson.
11:02 of 1st period - Shot Blocked by Mikko Koivu.
11:04 of 1st period - Slapshot by Shea Weber.
11:04 of 1st period - Deflect By Tyler Johnson.
11:04 of 1st period - Shot Blocked by Victor Hedman.
11:04 of 1st period - Puck is out of play.
11:05 of 1st period - Anze Kopitar wins face-off versus Joe Thornton in Capitals zone.
11:32 of 1st period - Wayne Simmonds is hit by Derek Boogaard and loses puck.
11:45 of 1st period - Mike Cammalleri is hit by Derek Boogaard.
12:03 of 1st period - Slapshot by Brent Burns.
12:03 of 1st period - Shot Blocked by Shea Weber.
12:05 of 1st period - Slapshot by Christian Ehrhoff.
12:05 of 1st period - Shot Blocked by Shea Weber.
12:26 of 1st period - Wrist shot by Viktor Arvidsson.
12:26 of 1st period - Stopped by Tuukka Rask without a rebound.
12:27 of 1st period - Anze Kopitar wins face-off versus Joe Thornton in Capitals zone.
12:46 of 1st period - Morgan Rielly is hit by Patrick Kane and loses puck.
13:01 of 1st period - Snap shot by Viktor Arvidsson.
13:01 of 1st period - Stopped by Tuukka Rask without a rebound.
13:02 of 1st period - Tyler Johnson wins face-off versus Ryan Getzlaf in Capitals zone.
13:09 of 1st period - Snap shot by Ryan Getzlaf.
13:09 of 1st period - Stopped by Brian Elliott with a rebound.
13:17 of 1st period - Snap shot by Viktor Arvidsson.
13:17 of 1st period - Shot Misses the Net.
13:19 of 1st period - Snap shot by Tyler Johnson.
13:19 of 1st period - Stopped by Tuukka Rask with a rebound.
13:54 of 1st period - Mikko Koivu is hit by Derek Boogaard and loses puck.
14:29 of 1st period - Minor Penalty to Wayne Simmonds for Holding.
14:30 of 1st period - Anze Kopitar wins face-off versus Scott Hartnell in Capitals zone.
14:30 of 1st period - Wrist shot by Patrick Kane.
14:30 of 1st period - Stopped by Tuukka Rask with a rebound.
14:36 of 1st period - Snap shot by Scott Hartnell.
14:36 of 1st period - Stopped by Brian Elliott with a rebound.
15:00 of 1st period - Snap shot by Viktor Arvidsson.
15:00 of 1st period - Shot Misses the Net.
16:18 of 1st period - Erik Karlsson is hit by Victor Hedman.
16:26 of 1st period - Matt Carle is hit by Max Pacioretty and loses puck.
16:29 of 1st period - Penalty to Wayne Simmonds is over, Wayne Simmonds is back on ice.
16:43 of 1st period - Snap shot by Derek Boogaard.
16:43 of 1st period - Stopped by Tuukka Rask with a rebound.
17:20 of 1st period - Icing by Greg Campbell.
17:21 of 1st period - Greg Campbell wins face-off versus David Krejci in Kings zone.
18:05 of 1st period - Minor Penalty to Paul Martin for Holding.
18:06 of 1st period - Tyler Johnson wins face-off versus Ryan Getzlaf in Kings zone.
18:14 of 1st period - Travis Hamonic is hit by Wayne Simmonds.
18:20 of 1st period - Wrist shot by Ramzi Abid.
18:20 of 1st period - Stopped by Tuukka Rask without a rebound.
18:21 of 1st period - Tyler Johnson wins face-off versus Joe Thornton in Capitals zone.
18:22 of 1st period - Snap shot by Ramzi Abid.
18:22 of 1st period - Stopped by Tuukka Rask with a rebound.
18:28 of 1st period - Slapshot by Brent Burns.
18:28 of 1st period - Shot Blocked by Tyler Johnson.
18:30 of 1st period - Wrist shot by Scott Hartnell.
18:30 of 1st period - Shot Blocked by Ramzi Abid.
18:56 of 1st period - Snap shot by Wayne Simmonds.
18:56 of 1st period - Goal by Wayne Simmonds - Capitals : 2 - Kings : 0.
18:57 of 1st period - Joe Thornton wins face-off versus Anze Kopitar in neutral zone.
19:14 of 1st period - Snap shot by Travis Hamonic.
19:14 of 1st period - Deflect By Anze Kopitar.
19:14 of 1st period - Shot Blocked by Christian Ehrhoff.
19:14 of 1st period - Puck is out of play.
19:15 of 1st period - Ryan Getzlaf wins face-off versus Tyler Johnson in Capitals zone.
19:45 of 1st period - Wrist shot by Jamie Benn.
19:45 of 1st period - Stopped by Brian Elliott with a rebound.
19:47 of 1st period - Slapshot by Christian Ehrhoff.
19:47 of 1st period - Stopped by Brian Elliott without a rebound.
19:48 of 1st period - Joe Thornton wins face-off versus Anze Kopitar in Kings zone.
Goals for this period are 2 for Capitals vs 0 for Kings.
Shots for this period are 14 for Capitals vs 12 for Kings.

2nd period


0:01 of 2nd period - Joe Thornton wins face-off versus Anze Kopitar in neutral zone.
0:04 of 2nd period - Snap shot by Jamie Benn.
0:04 of 2nd period - Shot Misses the Net.
0:06 of 2nd period - Snap shot by Joe Thornton.
0:06 of 2nd period - Shot Blocked by Oscar Klefbom.
0:36 of 2nd period - Minor Penalty to Brent Burns for Interference.
0:37 of 2nd period - Tyler Johnson wins face-off versus Joe Thornton in Capitals zone.
0:40 of 2nd period - Snap shot by Tyler Johnson.
0:40 of 2nd period - Shot Misses the Net.
1:11 of 2nd period - Shea Weber is hit by Scott Hartnell and loses puck.
2:36 of 2nd period - Penalty to Brent Burns is over, Brent Burns is back on ice.
3:09 of 2nd period - Minor Penalty to Martin St. Louis for Hooking.
3:10 of 2nd period - Joe Thornton wins face-off versus Tyler Johnson in Kings zone.
3:17 of 2nd period - Wrist shot by Scott Hartnell.
3:17 of 2nd period - Stopped by Brian Elliott without a rebound.
3:18 of 2nd period - Tyler Johnson wins face-off versus Scott Hartnell in Kings zone.
3:45 of 2nd period - Slapshot by Wayne Simmonds.
3:45 of 2nd period - Shot Misses the Net.
3:47 of 2nd period - Slapshot by Brent Burns.
3:47 of 2nd period - Deflect By Wayne Simmonds.
3:47 of 2nd period - Shot Misses the Net.
3:47 of 2nd period - Puck is out of play.
3:48 of 2nd period - Tyler Johnson wins face-off versus Ryan Getzlaf in Kings zone.
4:17 of 2nd period - Slapshot by Joe Thornton.
4:17 of 2nd period - Deflect By Scott Hartnell.
4:17 of 2nd period - Stopped by Brian Elliott without a rebound.
4:18 of 2nd period - Joe Thornton wins face-off versus Tyler Johnson in Kings zone.
5:09 of 2nd period - Penalty to Martin St. Louis is over, Martin St. Louis is back on ice.
5:11 of 2nd period - Minor Penalty to Wayne Simmonds for High sticking.
5:12 of 2nd period - Joe Thornton wins face-off versus Anze Kopitar in Capitals zone.
5:39 of 2nd period - Tyler Johnson is hit by Mike Cammalleri and loses puck.
6:20 of 2nd period - Slapshot by Matt Carle.
6:20 of 2nd period - Shot Misses the Net.
6:48 of 2nd period - Erik Karlsson is hit by Ryan Getzlaf.
7:11 of 2nd period - Penalty to Wayne Simmonds is over, Wayne Simmonds is back on ice.
7:31 of 2nd period - Slapshot by Martin St. Louis.
7:31 of 2nd period - Deflect By Derek Boogaard.
7:31 of 2nd period - Shot Blocked by Victor Hedman.
7:31 of 2nd period - Puck is out of play.
7:32 of 2nd period - Chris Tierney wins face-off versus Joe Thornton in Capitals zone.
7:35 of 2nd period - Wrist shot by Ramzi Abid.
7:35 of 2nd period - Stopped by Tuukka Rask with a rebound.
9:16 of 2nd period - Icing by Travis Hamonic.
9:17 of 2nd period - Joe Thornton wins face-off versus Tyler Johnson in Kings zone.
9:25 of 2nd period - Off-side.
9:26 of 2nd period - Tyler Johnson wins face-off versus Joe Thornton in neutral zone.
9:31 of 2nd period - Wrist shot by Tyler Johnson.
9:31 of 2nd period - Shot Blocked by Christian Ehrhoff.
9:39 of 2nd period - Max Pacioretty is hit by Joe Thornton and loses puck.
9:46 of 2nd period - Wrist shot by Jamie Benn.
9:46 of 2nd period - Shot Misses the Net.
9:48 of 2nd period - Slapshot by Christian Ehrhoff.
9:48 of 2nd period - Shot Misses the Net.
9:50 of 2nd period - Slapshot by Blake Wheeler.
9:50 of 2nd period - Stopped by Brian Elliott with a rebound.
10:05 of 2nd period - Minor Penalty to Christian Ehrhoff for Holding.
10:06 of 2nd period - Anze Kopitar wins face-off versus Joe Thornton in Capitals zone.
10:10 of 2nd period - Wrist shot by Johnny Gaudreau.
10:10 of 2nd period - Stopped by Tuukka Rask without a rebound.
10:11 of 2nd period - Anze Kopitar wins face-off versus Joe Thornton in Capitals zone.
10:42 of 2nd period - Slapshot by Shea Weber.
10:42 of 2nd period - Stopped by Tuukka Rask with a rebound.
12:05 of 2nd period - Penalty to Christian Ehrhoff is over, Christian Ehrhoff is back on ice.
12:34 of 2nd period - Wrist shot by Ondrej Palat.
12:34 of 2nd period - Shot Misses the Net.
14:02 of 2nd period - Slapshot by Brent Burns.
14:02 of 2nd period - Stopped by Brian Elliott without a rebound.
14:03 of 2nd period - Chris Tierney wins face-off versus Ryan Getzlaf in Kings zone.
14:22 of 2nd period - Snap shot by Johnny Gaudreau.
14:22 of 2nd period - Stopped by Tuukka Rask without a rebound.
14:23 of 2nd period - Anze Kopitar wins face-off versus Joe Thornton in Capitals zone.
14:36 of 2nd period - Slapshot by Patrick Kane.
14:36 of 2nd period - Goal by Patrick Kane - Capitals : 2 - Kings : 1.
14:37 of 2nd period - Anze Kopitar wins face-off versus Joe Thornton in neutral zone.
14:48 of 2nd period - Wrist shot by Johnny Gaudreau.
14:48 of 2nd period - Stopped by Tuukka Rask with a rebound.
14:50 of 2nd period - Snap shot by Patrick Kane.
14:50 of 2nd period - Shot Misses the Net.
14:52 of 2nd period - Slapshot by Travis Hamonic.
14:52 of 2nd period - Stopped by Tuukka Rask with a rebound.
14:54 of 2nd period - Slapshot by Patrick Kane.
14:54 of 2nd period - Goal by Patrick Kane - Capitals : 2 - Kings : 2.
14:55 of 2nd period - Joe Thornton wins face-off versus Anze Kopitar in neutral zone.
15:06 of 2nd period - Jamie Benn is hit by Erik Karlsson and loses puck.
15:25 of 2nd period - Snap shot by Max Pacioretty.
15:25 of 2nd period - Shot Misses the Net.
15:41 of 2nd period - Wrist shot by Daniel Cleary.
15:41 of 2nd period - Shot Misses the Net.
16:20 of 2nd period - Minor Penalty to Paul Martin for Interference.
16:21 of 2nd period - Joe Thornton wins face-off versus Tyler Johnson in Kings zone.
16:22 of 2nd period - Snap shot by Blake Wheeler.
16:22 of 2nd period - Shot Blocked by Travis Hamonic.
16:24 of 2nd period - Slapshot by Joe Thornton.
16:24 of 2nd period - Stopped by Brian Elliott with a rebound.
17:43 of 2nd period - Wrist shot by Johnny Gaudreau.
17:43 of 2nd period - Deflect By Anze Kopitar.
17:43 of 2nd period - Shot Misses the Net.
17:43 of 2nd period - Puck is out of play.
17:44 of 2nd period - Joe Thornton wins face-off versus Anze Kopitar in Capitals zone.
18:20 of 2nd period - Penalty to Paul Martin is over, Paul Martin is back on ice.
18:41 of 2nd period - Snap shot by Paul Martin.
18:41 of 2nd period - Shot Blocked by Brent Burns.
18:43 of 2nd period - Snap shot by Erik Karlsson.
18:43 of 2nd period - Shot Misses the Net.
18:53 of 2nd period - Snap shot by Ramzi Abid.
18:53 of 2nd period - Shot Misses the Net.
18:55 of 2nd period - Slapshot by Tyler Johnson.
18:55 of 2nd period - Stopped by Tuukka Rask without a rebound.
18:56 of 2nd period - Ryan Getzlaf wins face-off versus Anze Kopitar in Capitals zone.
19:11 of 2nd period - Snap shot by Patrick Kane.
19:11 of 2nd period - Stopped by Tuukka Rask with a rebound.
19:13 of 2nd period - Slapshot by Anze Kopitar.
19:13 of 2nd period - Shot Misses the Net.
19:19 of 2nd period - Minor Penalty to Matt Carle for Tripping.
19:20 of 2nd period - Joe Thornton wins face-off versus Johnny Gaudreau in Capitals zone.
19:31 of 2nd period - Snap shot by Patrick Kane.
19:31 of 2nd period - Shot Misses the Net.
19:33 of 2nd period - Slapshot by Erik Karlsson.
19:33 of 2nd period - Stopped by Tuukka Rask with a rebound.
19:35 of 2nd period - Slapshot by Erik Karlsson.
19:35 of 2nd period - Stopped by Tuukka Rask with a rebound.
19:37 of 2nd period - Wrist shot by Patrick Kane.
19:37 of 2nd period - Shot Misses the Net.
19:47 of 2nd period - Tyler Johnson is hit by Ryan Getzlaf and loses puck.
Goals for this period are 0 for Capitals vs 2 for Kings.
Shots for this period are 5 for Capitals vs 12 for Kings.

3rd period


0:01 of 3rd period - Anze Kopitar wins face-off versus Joe Thornton in neutral zone.
0:04 of 3rd period - Snap shot by Patrick Kane.
0:04 of 3rd period - Stopped by Tuukka Rask without a rebound.
0:05 of 3rd period - Joe Thornton wins face-off versus Anze Kopitar in Capitals zone.
0:14 of 3rd period - Snap shot by Joe Thornton.
0:14 of 3rd period - Goal by Joe Thornton - Capitals : 3 - Kings : 2.
0:15 of 3rd period - Joe Thornton wins face-off versus Anze Kopitar in neutral zone.
1:19 of 3rd period - Penalty to Matt Carle is over, Matt Carle is back on ice.
1:26 of 3rd period - Snap shot by Derek Boogaard.
1:26 of 3rd period - Stopped by Tuukka Rask with a rebound.
1:44 of 3rd period - Snap shot by Matt Carle.
1:44 of 3rd period - Shot Misses the Net.
1:50 of 3rd period - Joe Thornton is hit by Paul Martin and loses puck.
2:17 of 3rd period - Minor Penalty to Mike Cammalleri for Interference.
2:18 of 3rd period - Anze Kopitar wins face-off versus David Krejci in Capitals zone.
2:32 of 3rd period - Minor Penalty to David Krejci for Slashing.
2:33 of 3rd period - Joe Thornton wins face-off versus Anze Kopitar in Capitals zone.
2:33 of 3rd period - Joe Thornton is hit by Erik Karlsson.
3:02 of 3rd period - Icing by Max Pacioretty.
3:03 of 3rd period - Tyler Johnson wins face-off versus Mikko Koivu in Kings zone.
3:34 of 3rd period - Snap shot by Viktor Arvidsson.
3:34 of 3rd period - Deflect By Victor Hedman.
3:34 of 3rd period - Shot Misses the Net.
3:34 of 3rd period - Puck is out of play.
3:35 of 3rd period - Anze Kopitar wins face-off versus Joe Thornton in Capitals zone.
3:38 of 3rd period - Wrist shot by Patrick Kane.
3:38 of 3rd period - Shot Blocked by Brent Burns.
4:17 of 3rd period - Penalty to Mike Cammalleri is over, Mike Cammalleri is back on ice.
4:32 of 3rd period - Penalty to David Krejci is over, David Krejci is back on ice.
4:44 of 3rd period - Snap shot by Wayne Simmonds.
4:44 of 3rd period - Stopped by Brian Elliott without a rebound.
4:45 of 3rd period - Ryan Getzlaf wins face-off versus Anze Kopitar in Kings zone.
4:46 of 3rd period - Slapshot by Mike Cammalleri.
4:46 of 3rd period - Shot Misses the Net.
5:35 of 3rd period - Matt Carle is hit by Shea Weber and loses puck.
6:04 of 3rd period - Chris Tierney is hit by Ondrej Palat and loses puck.
6:26 of 3rd period - Off-side.
6:27 of 3rd period - Blake Wheeler wins face-off versus Tyler Johnson in neutral zone.
6:32 of 3rd period - Wrist shot by Tyler Johnson.
6:32 of 3rd period - Stopped by Tuukka Rask with a rebound.
7:21 of 3rd period - Snap shot by Johnny Gaudreau.
7:21 of 3rd period - Stopped by Tuukka Rask with a rebound.
7:23 of 3rd period - Snap shot by Anze Kopitar.
7:23 of 3rd period - Stopped by Tuukka Rask without a rebound.
7:24 of 3rd period - Ryan Getzlaf wins face-off versus Anze Kopitar in Capitals zone.
7:33 of 3rd period - Wrist shot by Patrick Kane.
7:33 of 3rd period - Deflect By Anze Kopitar.
7:33 of 3rd period - Stopped by Tuukka Rask without a rebound.
7:34 of 3rd period - Ryan Getzlaf wins face-off versus Anze Kopitar in Capitals zone.
8:25 of 3rd period - Snap shot by Scott Hartnell.
8:25 of 3rd period - Stopped by Brian Elliott with a rebound.
8:27 of 3rd period - Snap shot by Joe Thornton.
8:27 of 3rd period - Deflect By Jamie Benn.
8:27 of 3rd period - Deflect By Erik Karlsson.
8:27 of 3rd period - Stopped by Brian Elliott without a rebound.
8:28 of 3rd period - Joe Thornton wins face-off versus Greg Campbell in Kings zone.
8:29 of 3rd period - Snap shot by Blake Wheeler.
8:29 of 3rd period - Shot Misses the Net.
8:31 of 3rd period - Backhand shot by Brent Burns.
8:31 of 3rd period - Shot Blocked by Erik Karlsson.
8:43 of 3rd period - Wrist shot by Blake Wheeler.
8:43 of 3rd period - Shot Misses the Net.
9:24 of 3rd period - Minor Penalty to Max Pacioretty for Roughing.
9:25 of 3rd period - Tyler Johnson wins face-off versus Joe Thornton in Kings zone.
10:07 of 3rd period - Minor Penalty to Wayne Simmonds for Boarding.
10:08 of 3rd period - Joe Thornton wins face-off versus Tyler Johnson in Capitals zone.
10:53 of 3rd period - Wrist shot by Mike Cammalleri.
10:53 of 3rd period - Stopped by Brian Elliott with a rebound.
10:55 of 3rd period - Slapshot by Mike Cammalleri.
10:55 of 3rd period - Stopped by Brian Elliott without a rebound.
10:56 of 3rd period - Tyler Johnson wins face-off versus Joe Thornton in Kings zone.
11:23 of 3rd period - Shea Weber is hit by Christian Ehrhoff and loses puck.
11:24 of 3rd period - Penalty to Max Pacioretty is over, Max Pacioretty is back on ice.
11:34 of 3rd period - Wrist shot by Ryan Getzlaf.
11:34 of 3rd period - Stopped by Brian Elliott without a rebound.
11:35 of 3rd period - Joe Thornton wins face-off versus Anze Kopitar in Kings zone.
12:07 of 3rd period - Penalty to Wayne Simmonds is over, Wayne Simmonds is back on ice.
13:11 of 3rd period - Wrist shot by Max Pacioretty.
13:11 of 3rd period - Stopped by Tuukka Rask without a rebound.
13:12 of 3rd period - Anze Kopitar wins face-off versus Mikko Koivu in Capitals zone.
13:48 of 3rd period - Snap shot by Wayne Simmonds.
13:48 of 3rd period - Stopped by Brian Elliott with a rebound.
13:50 of 3rd period - Slapshot by Mike Cammalleri.
13:50 of 3rd period - Stopped by Brian Elliott without a rebound.
13:51 of 3rd period - Tyler Johnson wins face-off versus Joe Thornton in Kings zone.
14:28 of 3rd period - Minor Penalty to Ryan Getzlaf for Holding.
14:29 of 3rd period - Anze Kopitar wins face-off versus Joe Thornton in Capitals zone.
14:41 of 3rd period - Slapshot by Erik Karlsson.
14:41 of 3rd period - Stopped by Tuukka Rask without a rebound.
14:42 of 3rd period - Joe Thornton wins face-off versus Anze Kopitar in Capitals zone.
14:47 of 3rd period - Slapshot by Brent Burns.
14:47 of 3rd period - Stopped by Brian Elliott with a rebound.
15:09 of 3rd period - Brent Burns is hit by Tyler Johnson and loses puck.
15:53 of 3rd period - Icing by Patrick Kane.
15:54 of 3rd period - Joe Thornton wins face-off versus Anze Kopitar in Kings zone.
16:28 of 3rd period - Penalty to Ryan Getzlaf is over, Ryan Getzlaf is back on ice.
16:49 of 3rd period - Martin St. Louis is hit by Jamie Benn and loses puck.
17:24 of 3rd period - Snap shot by Mikko Koivu.
17:24 of 3rd period - Shot Blocked by Max Pacioretty.
18:34 of 3rd period - Snap shot by Scott Hartnell.
18:34 of 3rd period - Shot Misses the Net.
18:36 of 3rd period - Wrist shot by Scott Hartnell.
18:36 of 3rd period - Stopped by Brian Elliott without a rebound.
18:37 of 3rd period - Greg Campbell wins face-off versus Mikko Koivu in Kings zone.
18:45 of 3rd period - Off-side.
18:46 of 3rd period - Ken Hitchcock call a timeout for Kings.
18:46 of 3rd period - Mikko Koivu wins face-off versus Derek Boogaard in neutral zone.
19:00 of 3rd period - Kings, Brian Elliott is pulled from the net.
Goals for this period are 1 for Capitals vs 0 for Kings.
Shots for this period are 11 for Capitals vs 8 for Kings.